 Dungeon Crawl Stone Soup version 0.12.2-10-g0fb3e6e (webtiles) character file.

496 Nick the Cutter (level 6, -1/53 HPs)
             Began as a Minotaur Berserker on July 12, 2013.
             Was an Elder of Trog.
             Succumbed to Eustachio's poison
             ... on Level 4 of the Dungeon.
             The game lasted 00:13:13 (3273 turns).

Nick the Cutter (Minotaur Berserker)                Turns: 3273, Time: 00:13:13

HP  -1/53        AC 15     Str 24      XL: 6   Next: 62%
MP   2/2         EV  4     Int  4      God: Trog [****..]
Gold 75          SH 18     Dex  9      Spells:  0 memorised,  5 levels left

Res.Fire  : + . .   See Invis. : .   m - +2,+4 short sword (protect)
Res.Cold  : . . .   Warding    : .   e - +1 splint mail {rF+}
Life Prot.: . . .   Conserve   : .   j - +0 orc shield
Res.Poison: .       Res.Corr.  : .   (helmet restricted)
Res.Elec. : .       Clarity    : .   (no cloak)
Sust.Abil.: . .     Spirit.Shd : .   (no gloves)
Res.Mut.  : .       Stasis     : .   (no boots)
Res.Rott. : .       Ctrl.Telep.: .   (no amulet)
Saprovore : . . .   Flight     : .   (no ring)
                                     (no ring)

@: very poisoned, slightly resistant to hostile enchantments, extremely
unstealthy
A: retaliatory headbutt, horns 2
a: Burn Spellbooks, Berserk, Trog's Hand, Brothers in Arms, Renounce Religion


You were on level 4 of the Dungeon.
You worshipped Trog.
Trog was greatly pleased with you.
You were not hungry.

You visited 1 branch of the dungeon, and saw 4 of its levels.

You collected 55 gold pieces.

Inventory:

Hand weapons
 a - a +0,+0 short sword
 g - a +0,+2 short sword
 m - a +2,+4 short sword of protection (weapon)
Armour
 b - a +0 animal skin
 e - a +1 splint mail of fire resistance (worn)
 j - a +0 orcish shield (worn)
Comestibles
 c - a bread ration
 h - 2 chokos
 o - 4 meat rations
Scrolls
 d - a scroll of enchant weapon I {unknown}
 f - a scroll of remove curse
 i - 3 scrolls of fog
 l - 2 scrolls of teleportation
 n - a scroll of recharging {unknown}
 p - a scroll of enchant weapon II
 q - a scroll of noise {unknown}
 r - 2 scrolls of amnesia {unknown}
Potions
 k - a potion of agility


   Skills:
 + Level 4.6 Fighting
 + Level 5.0 Short Blades
 + Level 4.8 Armour
 + Level 3.4 Dodging
 + Level 2.6 Shields
 + Level 1.9 Traps


You had 5 spell levels left.
You didn't know any spells.

Dungeon Overview and Level Annotations

Branches:
Dungeon (4/27)
 Temple: D:4-7

Altars:
Ashenzari
Elyvilon
Okawaru
Sif Muna
Xom

Annotations
D:4 Eustachio


Innate Abilities, Weirdness & Mutations

You reflexively headbutt those who attack you in melee.
You have a pair of horns on your head.


Message History

* * * LOW HITPOINT WARNING * * *
You feel very sick.
The shadow imp picks up a beetle and eats it.
* * * LOW HITPOINT WARNING * * *
You feel very sick.
The iron imp lashes its tail.
* * * LOW HITPOINT WARNING * * *
You feel sick.
You feel a little better.
The shadow imp disappears in a puff of smoke!
The iron imp disappears in a puff of smoke!
* * * LOW HITPOINT WARNING * * *
You feel very sick. You block the ufetubus' attack. The ufetubus hits you.
* * * LOW HITPOINT WARNING * * *
* * * LOW HITPOINT WARNING * * *
You feel very sick.
Eustachio casts a spell.
Found a stone staircase leading up.
You die...

..####.## #...#.#.#.
.......#################...#.#.#.
......'.................>........
......#..@##############<#.#.#.#.
#######...# #..........(.#.#.#.
#######..5# #............#.#.#.
..........# #............#.#...
........b@#####............#.###.
............5.5.@..........#.# ..
..........r..........###.###[# #.
.......###...........'<#...... .
.......# #...........#######
##'##### #...........# #.
#######....... #....... #.......
#......


You could see Eustachio, an iron imp, an ufetubus, a quokka and a bat.

Vanquished Creatures
  A phantom (D:4)
  An ogre (D:3)
  An ogre skeleton (D:4)
  A hound (D:4)
  Jessica (D:3)
  4 adders
  6 gnolls (D:3)
  A giant mite (D:4)
  A worm (D:4)
  3 giant geckos
  An orc (D:3)
  9 bats
  20 goblins
  4 hobgoblins
  7 jackals
  4 kobolds
  A ball python (D:3)
  5 giant cockroaches
  A giant newt (D:4)
  6 rats
78 creatures vanquished.

Vanquished Creatures (others)
  A goblin (D:1)
1 creature vanquished.

Grand Total: 79 creatures vanquished

Notes
Turn   | Place    | Note
--------------------------------------------------------------
     0 | D:1      | Nick, the Minotaur Berserker, began the quest for the Orb.
     0 | D:1      | Reached XP level 1. HP: 19/19 MP: 0/0
   115 | D:1      | Reached XP level 2. HP: 26/26 MP: 0/0
   141 | D:1      | Reached skill level 4 in Fighting
   397 | D:1      | Acquired Trog's second power
   799 | D:2      | Reached XP level 3. HP: 33/33 MP: 1/1
   838 | D:2      | Found a white marble altar of Elyvilon.
   869 | D:2      | Found an iron altar of Okawaru.
   908 | D:2      | Found a deep blue altar of Sif Muna.
  1081 | D:2      | Paralysed by a potion of paralysis for 2 turns
  1499 | D:3      | Found a shattered altar of Ashenzari.
  1528 | D:3      | Reached XP level 4. HP: 38/40 MP: 1/1
  1548 | D:3      | Noticed Jessica
  1562 | D:3      | Killed Jessica
  1675 | D:3      | Reached skill level 1 in Traps
  1729 | D:3      | Reached skill level 1 in Shields
  2016 | D:3      | Found a shimmering altar of Xom.
  2091 | D:3      | Reached XP level 5. HP: 46/46 MP: 1/1
  2360 | D:3      | Noticed an ogre
  2375 | D:3      | Killed an ogre
  2552 | D:4      | Noticed a phantom
  2588 | D:4      | Killed a phantom
  2588 | D:4      | Reached XP level 6. HP: 38/53 MP: 2/2
  3209 | D:4      | Reached skill level 5 in Short Blades
  3243 | D:4      | Noticed Eustachio
  3253 | D:4      | Acquired Trog's third power
  3272 | D:4      | HP: 1/53 [poisoned by Eustachio]
  3273 | D:4      | Succumbed to Eustachio's poison

Action                   |  1- 3 |  4- 6 || total
-------------------------+-------+-------++-------
Melee: Short sword       |    97 |   131 ||   228
  Use: Scroll            |     8 |       ||     8
       Potion            |     2 |     2 ||     4
